TOP OF THE 1ST |
Cleveland (APP) Indians batting - Pitching for Princeton Rays : LHP Jonathan Daniels
|
Pitching: LHP Jonathan Daniels
|
|
Batting: RHB John Clark
|
0-0: Foul Ball, location: 2F 0-1: Foul Ball, location: 2F 0-2: Ball 1-2: Strikes out swinging
|
Batting: RHB Carlos Manriquez
|
0-0: Called Strike 0-1: Ball 1-1: Ball 2-1: Ground out 5-3 (Groundball, 5S, EV 81.2 MPH)
|
Batting: RHB Juan Gallardo
|
0-0: Ball 1-0: Ball 2-0: Called Strike 2-1: Ball 3-1: Swinging Strike 3-2: Base on Balls
|
Batting: RHB Luis Roman
|
0-0: Foul Ball, location: 2F 0-1: Foul Ball, location: 2F 0-2: Foul Ball, location: 2F 0-2: Ball 1-2: Ball 2-2: Fly out, F9 (Flyball, 9S, EV 94.4 MPH)
|
Top of the 1st over - 0 runs, 0 hits, 0 errors, 1 left on base; Cleveland (APP) 0 - Princeton 0 |
BOTTOM OF THE 1ST |
Princeton Rays batting - Pitching for Cleveland (APP) Indians : RHP Jose Esteban
|
Pitching: RHP Jose Esteban
|
|
Batting: RHB Chris Thorson
|
0-0: Called Strike 0-1: Ball 1-1: SINGLE (Groundball, 56S, EV 68.8 MPH) (infield hit)
|
Batting: RHB Dan Marks
|
0-0: Ball Wild Pitch! Chris Thorson to second 1-0: Ball 2-0: Ground out 6-3 (Groundball, 6, EV 80.0 MPH) Chris Thorson to third
|
Batting: LHB Rocky Crowley
|
0-0: Called Strike Passed Ball! Chris Thorson scores 0-1: Ball 1-1: Ball 2-1: Fly out, F7 (Flyball, 7LS, EV 86.2 MPH)
|
Batting: RHB Wil Urban
|
0-0: Ball 1-0: Foul Ball, location: 2F 1-1: Ball 2-1: Ball 3-1: Ground out 5-3 (Groundball, 5, EV 86.2 MPH)
|
Bottom of the 1st over - 1 run, 1 hit, 0 errors, 0 left on base; Cleveland (APP) 0 - Princeton 1 |
TOP OF THE 2ND |
Cleveland (APP) Indians batting - Pitching for Princeton Rays : LHP Jonathan Daniels
|
Batting: LHB Kenji Yokoyama
|
0-0: Called Strike 0-1: Swinging Strike 0-2: Ball 1-2: Ball 2-2: Strikes out looking
|
Batting: RHB Joe Shade
|
0-0: Foul Ball, location: 2F 0-1: Swinging Strike 0-2: Strikes out swinging
|
Batting: LHB Heath Ryland
|
0-0: SINGLE (Groundball, 4MD, EV 96.2 MPH)
|
Batting: RHB Ken Shear
|
0-0: Ball 1-0: Called Strike 1-1: Ball 2-1: Called Strike 2-2: Strikes out looking
|
Top of the 2nd over - 0 runs, 1 hit, 0 errors, 1 left on base; Cleveland (APP) 0 - Princeton 1 |
BOTTOM OF THE 2ND |
Princeton Rays batting - Pitching for Cleveland (APP) Indians : RHP Jose Esteban
|
Batting: LHB Josh Redfern
|
0-0: Ball 1-0: Foul Ball, location: 2F 1-1: Ball 2-1: Foul Ball, location: 2F 2-2: Ball 3-2: Base on Balls
|
Pitching: RHP Gilbert Paparelli
|
|
Batting: SHB Lou Kroneman
|
0-0: Ball 1-0: Ball 2-0: Ball 3-0: Called Strike 3-1: Base on Balls Josh Redfern to second
|
Batting: SHB Wayne Hattan
|
0-0: Ball 1-0: Ball 2-0: Called Strike 2-1: Foul Ball, location: 2F 2-2: Ball 3-2: Base on Balls Josh Redfern to third Lou Kroneman to second
|
Batting: LHB Zach Rose
|
0-0: Ball 1-0: Ball Wild Pitch! Josh Redfern scores Lou Kroneman to third Wayne Hattan to second 2-0: Ball 3-0: Called Strike 3-1: Base on Balls
|
Batting: RHB Bazyli Andrysiak
|
0-0: Ball 1-0: Ball 2-0: Ball Passed Ball! Lou Kroneman scores Wayne Hattan to third Zach Rose to second 3-0: Base on Balls
|
Pitching: LHP Jordan Jimenez
|
|
Batting: RHB Chris Thorson
|
0-0: Called Strike 0-1: Ball 1-1: Fly out, F8 (Line Drive, 8LD, EV 110.6 MPH) Runner from 3rd tags up, SCORES, throw by CF
|
Batting: RHB Dan Marks
|
0-0: Swinging Strike Passed Ball! Zach Rose to third Bazyli Andrysiak to second 0-1: SINGLE (Groundball, 6MD, EV 95.6 MPH) Zach Rose scores Bazyli Andrysiak to third Runner from 3rd tries for Home, SAFE, throw by CF to home
|
Batting: LHB Rocky Crowley
|
0-0: Ball 1-0: Ball 2-0: Called Strike Passed Ball! Dan Marks to second 2-1: Ball 3-1: Base on Balls
|
Batting: RHB Wil Urban
|
0-0: Called Strike 0-1: Ball 1-1: Swinging Strike 1-2: Ball Wild Pitch! Dan Marks to third Rocky Crowley to second 2-2: Ball Passed Ball! Dan Marks scores Rocky Crowley to third 3-2: Base on Balls
|
Batting: LHB Josh Redfern
|
0-0: Ball 1-0: Ball Passed Ball! Rocky Crowley scores Wil Urban to second 2-0: Swinging Strike 2-1: Ball 3-1: Foul Ball, location: 2F 3-2: Base on Balls
|
Batting: SHB Lou Kroneman
|
0-0: Ball 1-0: Foul Ball, location: 2F 1-1: Ball 2-1: 3-RUN HOME RUN (Flyball, 9D, EV 104.4 MPH), Distance : 391 ft
|
Batting: SHB Wayne Hattan
|
0-0: Ball 1-0: Swinging Strike 1-1: Called Strike 1-2: Ball 2-2: Foul Ball, location: 2F 2-2: Ground out U3 (Groundball, 3, EV 88.8 MPH)
|
Batting: LHB Zach Rose
|
0-0: SINGLE (Groundball, 34D, EV 104.4 MPH)
|
Batting: RHB Bazyli Andrysiak
|
0-0: Ball Passed Ball! Zach Rose to second 1-0: Ground out 6-3 (Groundball, 56, EV 83.1 MPH)
|
Bottom of the 2nd over - 10 runs, 3 hits, 0 errors, 1 left on base; Cleveland (APP) 0 - Princeton 11 |
TOP OF THE 3RD |
Cleveland (APP) Indians batting - Pitching for Princeton Rays : LHP Jonathan Daniels
|
Batting: SHB Mike Shields
|
0-0: SINGLE (Groundball, 6MD, EV 93.8 MPH)
|
Batting: RHB John Clark
|
0-0: Swinging Strike 0-1: Ball 1-1: Called Strike 1-2: Strikes out looking
|
Batting: RHB Carlos Manriquez
|
0-0: Swinging Strike 0-1: Swinging Strike 0-2: Strikes out swinging
|
Batting: RHB Juan Gallardo
|
0-0: Called Strike 0-1: Foul Ball, location: 2F 0-2: Fly out, F8 (Flyball, 89D, EV 80.6 MPH)
|
Top of the 3rd over - 0 runs, 1 hit, 0 errors, 1 left on base; Cleveland (APP) 0 - Princeton 11 |
BOTTOM OF THE 3RD |
Princeton Rays batting - Pitching for Cleveland (APP) Indians : LHP Jordan Jimenez
|
Batting: RHB Chris Thorson
|
0-0: Ball 1-0: Ball 2-0: Swinging Strike 2-1: Ball 3-1: Base on Balls
|
Batting: RHB Dan Marks
|
0-0: Ball Passed Ball! Chris Thorson to second 1-0: Ball 2-0: Called Strike 2-1: Ball 3-1: Called Strike 3-2: SINGLE (Line Drive, 89S, EV 102.5 MPH) Chris Thorson to third
|
Batting: LHB Rocky Crowley
|
0-0: Reached on error, E1 (Groundball, 15S, EV 66.2 MPH) Chris Thorson scores Dan Marks to second
|
Batting: RHB Wil Urban
|
0-0: Called Strike 0-1: Foul Ball, location: 2F 0-2: Ball 1-2: Foul Ball, location: 2F 1-2: Strikes out swinging
|
Batting: LHB Josh Redfern
|
0-0: Called Strike 0-1: Foul Ball, location: 2F 0-2: DOUBLE (Flyball, 9LD, EV 105.0 MPH) Dan Marks scores Rocky Crowley to third
|
Batting: SHB Lou Kroneman
|
0-0: Called Strike 0-1: SINGLE (Groundball, 25, EV 67.5 MPH) (infield hit)
|
Batting: SHB Wayne Hattan
|
0-0: Reached on error, E6 (Groundball, 6MD, EV 86.2 MPH) Rocky Crowley scores Josh Redfern to third Lou Kroneman to second
|
Batting: LHB Zach Rose
|
0-0: Called Strike 0-1: Fielders Choice at 2nd, 4-6 (Groundball, 4, EV 108.8 MPH) Josh Redfern scores Lou Kroneman to third
|
Batting: RHB Bazyli Andrysiak
|
0-0: SINGLE (Flyball, 89S, EV 90.6 MPH) Lou Kroneman scores Zach Rose to second
|
Batting: RHB Chris Thorson
|
0-0: Ball 1-0: 3-RUN HOME RUN (Flyball, 7D, EV 99.4 MPH), Distance : 371 ft
|
Batting: RHB Dan Marks
|
0-0: Ball 1-0: SINGLE (Line Drive, 56, EV 104.4 MPH)
|
Batting: LHB Rocky Crowley
|
0-0: Fly out, F7 (Flyball, 7S, EV 94.4 MPH)
|
Bottom of the 3rd over - 8 runs, 6 hits, 2 errors, 1 left on base; Cleveland (APP) 0 - Princeton 19 |
TOP OF THE 4TH |
Cleveland (APP) Indians batting - Pitching for Princeton Rays : LHP Jonathan Daniels
|
Batting: RHB Luis Roman
|
0-0: Called Strike 0-1: Called Strike 0-2: Ball 1-2: Strikes out swinging
|
Batting: LHB Kenji Yokoyama
|
0-0: Ball 1-0: Called Strike 1-1: Called Strike 1-2: Ball 2-2: SINGLE (Groundball, 4, EV 95.6 MPH)
|
Batting: RHB Joe Shade
|
0-0: Called Strike 0-1: Ball 1-1: Swinging Strike 1-2: Strikes out swinging
|
Batting: LHB Heath Ryland
|
0-0: Foul Ball, location: 2F 0-1: Ball 1-1: Ball 2-1: Ball 3-1: Base on Balls Kenji Yokoyama to second
|
Batting: RHB Ken Shear
|
0-0: Ball 1-0: Foul Ball, location: 2F 1-1: Ball 2-1: Foul Ball, location: 2F 2-2: Strikes out looking
|
Top of the 4th over - 0 runs, 1 hit, 0 errors, 2 left on base; Cleveland (APP) 0 - Princeton 19 |
BOTTOM OF THE 4TH |
Princeton Rays batting - Pitching for Cleveland (APP) Indians : LHP Jordan Jimenez
|
Batting: RHB Wil Urban
|
0-0: Ball 1-0: SOLO HOME RUN (Flyball, 7D, EV 98.8 MPH), Distance : 375 ft
|
Batting: LHB Josh Redfern
|
0-0: Ball 1-0: SINGLE (Groundball, 56D, EV 105.0 MPH)
|
Batting: SHB Lou Kroneman
|
0-0: Ball 1-0: SINGLE (Line Drive, 4M, EV 106.2 MPH) Josh Redfern to second
|
Batting: SHB Wayne Hattan
|
0-0: SINGLE (Groundball, 34D, EV 102.5 MPH) Josh Redfern to third Lou Kroneman to second Throwing error, E9 Josh Redfern scores Lou Kroneman to third Wayne Hattan to second
|
Batting: LHB Zach Rose
|
0-0: Ball 1-0: Ball 2-0: Ball 3-0: Called Strike 3-1: Base on Balls
|
Batting: RHB Bazyli Andrysiak
|
0-0: Ball 1-0: Ball 2-0: Ball 3-0: Base on Balls Lou Kroneman scores Wayne Hattan to third Zach Rose to second
|
Batting: RHB Chris Thorson
|
0-0: Ball 1-0: Foul Ball, location: 2F 1-1: Swinging Strike Passed Ball! Wayne Hattan scores Zach Rose to third Bazyli Andrysiak to second 1-2: Ball Passed Ball! Zach Rose scores Bazyli Andrysiak to third 2-2: Ball Passed Ball! Bazyli Andrysiak scores 3-2: Foul Ball, location: 2F 3-2: Base on Balls
|
Batting: RHB Dan Marks
|
0-0: Ball Passed Ball! Chris Thorson to second 1-0: Foul Ball, location: 2F 1-1: SINGLE (Groundball, 3D, EV 105.0 MPH) Chris Thorson to third
|
Batting: LHB Rocky Crowley
|
0-0: Hit by Pitch Dan Marks to second
|
Batting: RHB Wil Urban
|
0-0: Ball 1-0: Ball Passed Ball! Chris Thorson scores Dan Marks to third Rocky Crowley to second 2-0: Ball 3-0: Base on Balls
|
Batting: LHB Josh Redfern
|
0-0: Fielders Choice at 2nd, 3-6 (Groundball, 3D, EV 106.9 MPH) Dan Marks scores Rocky Crowley to third
|
Batting: SHB Lou Kroneman
|
0-0: Ball 1-0: Ball Passed Ball! Rocky Crowley scores Josh Redfern to second 2-0: Foul Ball, location: 2F 2-1: Ball 3-1: Base on Balls
|
Batting: SHB Wayne Hattan
|
0-0: Grounds into double play, 6-4-3 (Groundball, 6, EV 104.4 MPH)
|
Bottom of the 4th over - 9 runs, 5 hits, 1 error, 1 left on base; Cleveland (APP) 0 - Princeton 28 |
TOP OF THE 5TH |
Cleveland (APP) Indians batting - Pitching for Princeton Rays : LHP Jonathan Daniels
|
Batting: SHB Mike Shields
|
0-0: Ball 1-0: Called Strike 1-1: Foul Ball, location: 2F 1-2: Foul Ball, location: 2F 1-2: Strikes out swinging
|
Batting: RHB John Clark
|
0-0: Swinging Strike 0-1: Foul Ball, location: 2F 0-2: Foul Ball, location: 2F 0-2: Strikes out swinging
|
Batting: RHB Carlos Manriquez
|
0-0: Swinging Strike 0-1: Foul Ball, location: 2F 0-2: Foul Ball, location: 2F 0-2: Foul Ball, location: 2F 0-2: Ball 1-2: Strikes out swinging
|
Top of the 5th over - 0 runs, 0 hits, 0 errors, 0 left on base; Cleveland (APP) 0 - Princeton 28 |
BOTTOM OF THE 5TH |
Princeton Rays batting - Pitching for Cleveland (APP) Indians : LHP Jordan Jimenez
|
Batting: LHB Zach Rose
|
0-0: Ground out U3 (Groundball, 13, EV 91.9 MPH)
|
Batting: RHB Bazyli Andrysiak
|
0-0: Ball 1-0: Foul Ball, location: 2F 1-1: Ball 2-1: Ball 3-1: Base on Balls
|
Batting: RHB Chris Thorson
|
0-0: Ball 1-0: Ball 2-0: Ball 3-0: Base on Balls Bazyli Andrysiak to second
|
Batting: RHB Dan Marks
|
0-0: Fielders Choice at 2nd, 4-6 (Groundball, 4, EV 78.8 MPH) Bazyli Andrysiak to third
|
Batting: LHB Rocky Crowley
|
0-0: SINGLE (Line Drive, 7S, EV 109.4 MPH) Bazyli Andrysiak scores Dan Marks to second
|
Batting: RHB Wil Urban
|
0-0: Foul Ball, location: 2F 0-1: Ball 1-1: Ball 2-1: Called Strike 2-2: Ball 3-2: Foul Ball, location: 2F 3-2: Base on Balls Dan Marks to third Rocky Crowley to second
|
Batting: LHB Josh Redfern
|
0-0: Fly out, F8 (Flyball, 8RS, EV 82.5 MPH)
|
Bottom of the 5th over - 1 run, 1 hit, 0 errors, 3 left on base; Cleveland (APP) 0 - Princeton 29 |
TOP OF THE 6TH |
Cleveland (APP) Indians batting - Pitching for Princeton Rays : LHP Jonathan Daniels
|
Batting: RHB Juan Gallardo
|
0-0: Called Strike 0-1: Swinging Strike 0-2: Ball 1-2: Ball 2-2: Ball 3-2: Base on Balls
|
Batting: RHB Luis Roman
|
0-0: Swinging Strike 0-1: Fly out, F3 (Flyball, 34D, EV 94.4 MPH)
|
Batting: LHB Kenji Yokoyama
|
0-0: Called Strike 0-1: Fly out, F9 (Flyball, 9S, EV 82.5 MPH)
|
Batting: RHB Joe Shade
|
0-0: Ball 1-0: Called Strike 1-1: Called Strike 1-2: Ground out 5-3 (Groundball, 5S, EV 75.6 MPH)
|
Top of the 6th over - 0 runs, 0 hits, 0 errors, 1 left on base; Cleveland (APP) 0 - Princeton 29 |
BOTTOM OF THE 6TH |
Princeton Rays batting - Pitching for Cleveland (APP) Indians : LHP Jordan Jimenez
|
Batting: SHB Lou Kroneman
|
0-0: Ball 1-0: Called Strike 1-1: Ground out 5-3 (Groundball, 5, EV 83.8 MPH)
|
Batting: SHB Wayne Hattan
|
0-0: Foul Ball, location: 2F 0-1: DOUBLE (Groundball, 5L, EV 111.2 MPH)
|
Batting: LHB Zach Rose
|
0-0: Called Strike 0-1: SINGLE (Groundball, 34D, EV 105.0 MPH) Wayne Hattan to third
|
Batting: RHB Bazyli Andrysiak
|
0-0: DOUBLE (Flyball, 8LXD, EV 111.9 MPH) Wayne Hattan scores Zach Rose to third Runner from 3rd tries for Home, SAFE, no throw by CF
|
Batting: RHB Chris Thorson
|
0-0: Ball Passed Ball! Bazyli Andrysiak to third 1-0: Ball 2-0: Ball Wild Pitch! Bazyli Andrysiak scores 3-0: Base on Balls
|
Batting: RHB Dan Marks
|
0-0: Ball Wild Pitch! Chris Thorson to second 1-0: Ball Passed Ball! Chris Thorson to third 2-0: Ball 3-0: Called Strike 3-1: Base on Balls
|
Batting: LHB Rocky Crowley
|
0-0: Fly out, F6 (Popup, 4MD, EV 55.6 MPH)
|
Batting: RHB Wil Urban
|
0-0: Called Strike 0-1: Fly out, F7 (Flyball, 78S, EV 87.5 MPH)
|
Bottom of the 6th over - 3 runs, 3 hits, 0 errors, 2 left on base; Cleveland (APP) 0 - Princeton 32 |
TOP OF THE 7TH |
Cleveland (APP) Indians batting - Pitching for Princeton Rays : LHP Jonathan Daniels
|
Batting: LHB Heath Ryland
|
0-0: Called Strike 0-1: Swinging Strike 0-2: Ball 1-2: Strikes out swinging
|
Batting: RHB Ken Shear
|
0-0: Called Strike 0-1: Ball 1-1: Swinging Strike 1-2: Foul Ball, location: 2F 1-2: Strikes out swinging
|
Batting: SHB Mike Shields
|
0-0: Ball 1-0: Called Strike 1-1: SINGLE (Groundball, P, EV 92.5 MPH) (infield hit)
|
Batting: RHB John Clark
|
0-0: Ball 1-0: Ball 2-0: Called Strike 2-1: Foul Ball, location: 2F 2-2: Strikes out swinging
|
Top of the 7th over - 0 runs, 1 hit, 0 errors, 1 left on base; Cleveland (APP) 0 - Princeton 32 |
BOTTOM OF THE 7TH |
Princeton Rays batting - Pitching for Cleveland (APP) Indians : LHP Jordan Jimenez
|
Pinch Hitting: RHB Jeremy Whitehurst
|
0-0: Ball 1-0: Ball 2-0: SINGLE (Groundball, 6D, EV 99.4 MPH)
|
Batting: SHB Lou Kroneman
|
0-0: Reached on error, E6 (Groundball, 6, EV 103.1 MPH) Jeremy Whitehurst to second
|
Pinch Hitting: RHB Kevin Percy
|
0-0: Fielders Choice at 2nd, 5-4 (Groundball, 56, EV 85.6 MPH) Jeremy Whitehurst to third
|
Batting: LHB Zach Rose
|
0-0: Called Strike 0-1: Foul Ball, location: 2F 0-2: Foul Ball, location: 2F 0-2: Grounds into double play, 3-6-3 (Groundball, 34S, EV 86.2 MPH)
|
Bottom of the 7th over - 0 runs, 1 hit, 1 error, 1 left on base; Cleveland (APP) 0 - Princeton 32 |
TOP OF THE 8TH |
Cleveland (APP) Indians batting - Pitching for Princeton Rays : LHP Jonathan Daniels
|
Now at 1B: Kevin Percy
|
|
Now in RF: Berthold Frey
|
|
Batting: RHB Carlos Manriquez
|
0-0: Called Strike 0-1: SOLO HOME RUN (Flyball, 7D, EV 99.4 MPH), Distance : 374 ft
|
Pitching: RHP John Morgan
|
|
Batting: RHB Juan Gallardo
|
0-0: Ball 1-0: Foul Ball, location: 2F 1-1: Ball 2-1: Called Strike 2-2: Ball 3-2: Strikes out looking
|
Batting: RHB Luis Roman
|
0-0: Swinging Strike 0-1: Called Strike 0-2: Ball 1-2: Ball 2-2: Ball 3-2: Strikes out swinging
|
Batting: LHB Kenji Yokoyama
|
0-0: Ball 1-0: Called Strike 1-1: Ball 2-1: Swinging Strike 2-2: Ball 3-2: Foul Ball, location: 2F 3-2: Strikes out swinging
|
Top of the 8th over - 1 run, 1 hit, 0 errors, 0 left on base; Cleveland (APP) 1 - Princeton 32 |
BOTTOM OF THE 8TH |
Princeton Rays batting - Pitching for Cleveland (APP) Indians : LHP Jordan Jimenez
|
Batting: RHB Bazyli Andrysiak
|
0-0: Ball 1-0: Ball 2-0: Foul Ball, location: 2F 2-1: Ball 3-1: Base on Balls
|
Batting: RHB Chris Thorson
|
0-0: SINGLE (Groundball, 6M, EV 98.1 MPH) Bazyli Andrysiak to second
|
Batting: RHB Dan Marks
|
0-0: Reached on error, E5 (Groundball, 56, EV 87.5 MPH) Bazyli Andrysiak to third Chris Thorson to second
|
Batting: LHB Rocky Crowley
|
0-0: DOUBLE (Line Drive, 3D, EV 105.6 MPH) Bazyli Andrysiak scores Chris Thorson scores Dan Marks to third
|
Batting: RHB Wil Urban
|
0-0: 3-RUN HOME RUN (Flyball, 9D, EV 98.1 MPH), Distance : 384 ft
|
Batting: SHB Berthold Frey
|
0-0: Called Strike 0-1: Ground out 6-3 (Groundball, 56, EV 109.4 MPH)
|
Batting: SHB Lou Kroneman
|
0-0: Ground out 4-3 (Groundball, 4M, EV 80.0 MPH)
|
Batting: RHB Kevin Percy
|
0-0: SINGLE (Groundball, 4MD, EV 99.4 MPH)
|
Pinch Hitting: RHB Jim Erdody
|
0-0: Called Strike 0-1: Ball 1-1: Ball 2-1: Ball 3-1: Base on Balls Kevin Percy to second
|
Batting: RHB Bazyli Andrysiak
|
0-0: Reached on error, E1 (Groundball, 25, EV 71.2 MPH) Kevin Percy scores Jim Erdody to third
|
Batting: RHB Chris Thorson
|
0-0: DOUBLE (Flyball, 8RXD, EV 106.9 MPH) Jim Erdody scores Bazyli Andrysiak scores
|
Batting: RHB Dan Marks
|
0-0: Ground out 5-3 (Groundball, 56, EV 91.2 MPH)
|
Bottom of the 8th over - 8 runs, 5 hits, 2 errors, 1 left on base; Cleveland (APP) 1 - Princeton 40 |
TOP OF THE 9TH |
Cleveland (APP) Indians batting - Pitching for Princeton Rays : RHP John Morgan
|
Now at 3B: Lou Kroneman
|
|
Now at SS: Jim Erdody
|
|
Batting: RHB Joe Shade
|
0-0: Ball 1-0: Ball 2-0: Foul Ball, location: 2F 2-1: Foul Ball, location: 2F 2-2: Foul Ball, location: 2F 2-2: Strikes out looking
|
Batting: LHB Heath Ryland
|
0-0: Called Strike 0-1: Foul Ball, location: 2F 0-2: Foul Ball, location: 2F 0-2: Ball 1-2: Strikes out swinging
|
Batting: RHB Ken Shear
|
0-0: Called Strike 0-1: Swinging Strike 0-2: Foul Ball, location: 2F 0-2: Ball 1-2: Ball 2-2: Strikes out swinging
|
Top of the 9th over - 0 runs, 0 hits, 0 errors, 0 left on base; Cleveland (APP) 1 - Princeton 40 |
|